 Dungeon Crawl Stone Soup version 0.31-a0-187-gba352fbbf7 (webtiles) character file.

Game seed: 10824535151605862549

11 qw the Shooter (level 2, -2/16 HPs)
             Began as a Deep Elf Hunter on June 22, 2023.
             Slain by a hobgoblin (4 damage)
             ... on level 1 of the Dungeon.
             The game lasted 00:00:05 (129 turns).

qw the Shooter (Deep Elf Hunter)                     Turns: 129, Time: 00:00:06

Health: -2/16      AC:  3    Str:  8    XL:     2   Next: 17%
Magic:  4/4        EV: 12    Int: 13    God:
Gold:   24         SH:  0    Dex: 18    Spells: 1/1 levels left

rFire   . . .        a - +0 shortbow
rCold   . . .        (shield currently unavailable)
rNeg    . . .        c - +0 leather armour
rPois   .            (no helmet)
rElec   .            (no cloak)
rCorr   .            (no gloves)
SInv    .            (no boots)
Will    .....        (no amulet)
Stlth   ++           (no ring)
HPRegen 0.22/turn    (no ring)
MPRegen 0.09/turn

%: no passive effects
@: no status effects
A: no striking features
a: no special abilities


You were on level 1 of the Dungeon.
You visited 1 branch of the dungeon, and saw 1 of its levels.

You collected 24 gold pieces.


   Skills:
 - Level 1.5 Fighting
 + Level 6.0 Ranged Weapons
 - Level 2.4 Dodging
 - Level 1.2 Stealth


You had one spell level left.
You didn't know any spells.
Your spell library was empty.

Inventory:

Hand Weapons
 a - a +0 shortbow (weapon)
Armour
 c - a +0 leather armour (worn)
 d - a +0 ring mail
 g - a +0 pair of boots
Scrolls
 b - a scroll of butterflies
 e - a scroll of teleportation {unknown}
 f - a scroll of amnesia {unknown}

Dungeon Overview and Level Annotations

Branches:
Dungeon (1/15)

Altars:

Annotations:
D:1 2 transporters


Message History

The jackal barely misses you.
You shoot an arrow. The arrow closely misses the jackal.
The jackal bites you but does no damage.
The goblin barely misses you. The jackal completely misses you.
You shoot an arrow. The arrow completely misses the jackal.
The jackal misses you. The jackal barely misses you.
The goblin hits you but does no damage. The jackal bites you.
The jackal bites you but does no damage.
You shoot an arrow. The arrow hits the jackal.
The jackal is severely wounded.
The jackal bites you. The goblin misses you. The jackal closely misses you.
The jackal bites you but does no damage.
The goblin hits you with a +0 club.
You shoot an arrow.
The arrow hits the jackal but does no damage.
The jackal is severely wounded.
The jackal closely misses you. The jackal bites you. x2
A rat comes into view.
The hobgoblin hits you. The goblin closely misses you.
You shoot an arrow.
The arrow hits the jackal but does no damage.
The jackal is heavily wounded.
The jackal closely misses you.
The jackal bites you but does no damage.
The goblin misses you. The hobgoblin closely misses you. The jackal bites you.
You shoot an arrow.
The arrow hits the jackal but does no damage.
The jackal is heavily wounded.
The jackal bites you but does no damage.
The jackal misses you. The jackal barely misses you. The hobgoblin hits you.
The goblin closely misses you.
You shoot an arrow. The arrow hits the jackal!
You kill the jackal!
The jackal bites you but does no damage.
The hobgoblin closely misses you. The goblin hits you with a +0 club.
The jackal closely misses you. The giant cockroach closely misses you.
You shoot an arrow. The arrow hits the jackal.
The jackal is severely wounded.
The jackal completely misses you. The hobgoblin hits you.
You die...

........... .>......%%
......... ......###
........# #h.r..#..
#gh....# #@B....##
###%g......
##.....##.#..
##.......#.#.# .#
#..........#.# #.
#..........#.# #..
#............# #.#
#.........#..# #.#
#.........#..#####.###


You could see 2 jackals, a giant cockroach, a hobgoblin, a goblin and a rat.

Vanquished Creatures
  A ball python (D:1)
  A bat (D:1)
  An endoplasm (D:1)
  A giant cockroach (D:1)
  2 jackals (D:1)
  2 frilled lizards (D:1)
  A goblin (D:1)
  2 rats (D:1)
11 creatures vanquished.

Notes
Turn   | Place    | Note
-------+----------+-------------------------------------------
     0 | D:1      | qw the Deep Elf Hunter began the quest for the Orb.
     0 | D:1      | Reached XP level 1. HP: 12/12 MP: 3/3
     0 | D:1      | 0 ||| qw: Version: 0.3-a-9-g12657ce
     0 | D:1      | 0 ||| qw: Game counter: 1998
     0 | D:1      | 0 ||| qw: Always use a shield: true
     0 | D:1      | 0 ||| qw: God list: Okawaru
     0 | D:1      | 0 ||| qw: Allow faded altars: false
     0 | D:1      | 0 ||| qw: Do Orc after D:15 true
     0 | D:1      | 0 ||| qw: Do second Lair branch before Depths: true
     0 | D:1      | 0 ||| qw: Lair rune preference: random
     0 | D:1      | 0 ||| qw: Plans: Normal
     0 | D:1      | 0 ||| PLANNING D:1-11
   118 | D:1      | Reached skill level 6 in Ranged Weapons
   118 | D:1      | Reached XP level 2. HP: 16/16 MP: 4/4
   125 | D:1      | HP: 4/16 [hobgoblin (4)]
   129 | D:1      | Slain by a hobgoblin

Levels and vault maps discovered:
D:1:      spicycebolla_arrival_transporter_tutorial, layout_rooms, st_stairs_2

Skill      XL: |  1 |
---------------+----+-----
Ranged Weapons | 6 |  6.0
Fighting       | |  1.5
Dodging        | |  2.4
Stealth        | |  1.2

Action                     || total
---------------------------++-------
   Fire: Shortbow          ||    27
 Armour: Leather armour    ||     7
  Dodge: Dodged            ||    22

Table legend:
 A = Non-vault XP
 B = Vault XP
 C = Vault XP percentage of total XP
 D = Non-vault monster count
 E = Vault monster count
 F = Vault count percentage of total count
                 A         B        C        D         E       F
            +---------+---------+-------+---------+---------+-------
      Total |      17 |       0 |   0.0 |      11 |       0 |   0.0
            +---------+---------+-------+---------+---------+-------
        D:1 |      17 |       0 |   0.0 |      11 |       0 |   0.0
            +---------+---------+-------+---------+---------+-------
